AoeStats
← RoR | Vodka_L_2

Arabia

510301306Analyzed
1v1 RM · 1d ago on Sep 30, 2026· 35m 1s· 2 players
Game mode
Random Map
Map size
Tiny (2 player)
Population
200
Speed
Normal
Resources
Standard
Victory
Conquest
Starting age
Dark Age
Ending age
Imperial Age
RankedLock teamsTeams togetherTeam positionsShared explorationLock speedFull tech treeHidden civsTurbo modeCheats
Victory
Defeat
🇪🇪 Khitans · Estonia
2759
+6
🇮🇹 Tupi · Italy
2506
-6
DS_Overtaken
6:29 Loom
8:46 Feudal Age
10:51 Double-Bit Axe
13:33 Town Watch
18:29 Gold Mining
21:15 Castle Age
19:19 Padded Archer Armor
19:29 Fletching
22:15 Leather Archer Armor
22:53 Elite Skirmisher
25:53 Ballistics
28:53 Guard Tower
33:39 Bow Saw
RoR | Vodka_L_2
8:41 Loom
11:21 Feudal Age
15:56 Castle Age
19:33 Fletching
22:32 Bodkin Arrow
28:57 Double-Bit Axe
31:39 Horse Collar
Connection lost

Rejoining the realm…

Still unreachable

The connection could not be restored.

Session expired

The server has moved on; the page needs a fresh start.